Map: Orbital Shipyard

Players

LilDicky

  • Race: Terran Terran
  • League: Diamond

Sniper - Winner!

  • Race: Terran Terran
  • League: Diamond

VOD

http://www.twitch.tv/tumescentpie

Description

Time

  • Played on: Dec. 5, 2015, 11:57 p.m.
  • Length: 17:28
Show
View Real Time Build Order
Export as new Build Order

LilDicky Terran 

Build Orders: Mech 

Get SALT Encoding   

  12  0:01  SCV  
  13  0:13  SCV  
  14  0:18  Supply Depot  
  14  0:25  SCV  
  15  0:29  Refinery  
  15  0:39  SCV  
  16  0:47  Barracks  
  16  0:52  SCV  
  17  1:04  SCV  
  18  1:16  SCV  
  19  1:28  SCV  
  20  1:36  Reaper  
  20  1:37  Supply Depot  
  21  1:41  Orbital Command  
  21  2:08  SCV, Refinery  
  21  2:10  Reaper  
  21  2:12  Factory  
  23  2:21  SCV  
  23  2:33  SCV  
  24  2:39  Supply Depot  
  24  2:45  SCV  
  25  2:58  Marine  
  26  2:59  SCV, Factory Tech Lab  
  26  3:01  Starport  
  27  3:11  Command Center, SCV  
  28  3:16  Marine  
  29  3:22  Supply Depot  
  29  3:23  SCV  
  29  3:38  SCV  
  29  3:50  SCV  
  30  4:02  SCV  
  31  4:03  Cloaking Field, Engineering Bay  
  31  4:04  Banshee  
  31  4:09  Command Center, Factory Tech Lab  
  34  4:11  Marine  
  34  4:14  SCV  
  36  4:26  Refinery  
  36  4:31  Refinery  
  36  4:32  Orbital Command  
  35  4:47  Marine  
  35  4:48  Banshee  
  39  4:56  Missile Turret  
  39  4:59  Missile Turret  
  39  5:01  SCV  
  39  5:02  Missile Turret  
  40  5:08  SCV  
  40  5:11  Supply Depot, Siege Tank  
  40  5:13  SCV  
  45  5:20  SCV  
  45  5:41  SCV  
  46  5:45  SCV  
  46  5:46  Banshee, Siege Tank  
  53  5:52  Factory  
  53  5:54  Orbital Command  
  53  5:59  SCV  
  51  6:23  Siege Tank  
  51  6:25  SCV  
  52  6:29  Banshee  
  55  6:33  Orbital Command  
  55  6:35  SCV  
  55  6:37  SCV  
  55  6:39  Factory Tech Lab  
  58  6:47  SCV  
  58  6:50  SCV  
  58  6:53  Marine  
  58  6:54  Starport  
  60  6:55  Siege Tank  
  60  6:59  SCV  
  64  7:02  SCV  
  64  7:04  SCV  
  66  7:08  Factory  
  66  7:10  Factory  
  66  7:11  SCV  
  66  7:14  SCV  
  68  7:17  SCV  
  69  7:23  SCV, Refinery  
  69  7:28  Refinery  
  60  7:39  Starport Reactor  
  63  7:45  Siege Tank  
  63  7:46  Siege Tank  
  60  8:06  Factory Reactor x2  
  60  8:08  SCV x2  
  62  8:14  SCV  
  63  8:20  Viking x2  
  63  8:25  SCV  
  63  8:26  SCV, Starport  
  66  8:30  Siege Tank x2  
  66  8:32  Missile Turret  
  72  8:34  Command Center, Infernal Pre-Igniter  
  72  8:40  Missile Turret  
  72  8:41  Missile Turret x2  
  72  8:42  SCV x2  
  72  8:43  Supply Depot, Missile Turret  
  72  8:45  SCV  
  72  8:46  Hellion x4  
  83  8:52  Supply Depot  
  83  8:53  Supply Depot  
  83  8:57  Liberator x2  
  83  9:01  Sensor Tower  
  83  9:02  Hellion  
  85  9:04  Banshee, Siege Tank  
  91  9:11  Starport Reactor  
  91  9:12  Sensor Tower  
  91  9:16  Hellion  
  103  9:17  Hellion x2  
  103  9:22  Missile Turret  
  101  9:33  Supply Depot, Armory  
  101  9:35  Armory  
  101  9:36  Armory  
  101  9:37  SCV x2  
  103  9:38  Hellion  
  103  9:39  Hellion x2  
  103  9:44  Siege Tank x2  
  113  9:48  Refinery  
  113  9:53  SCV x2  
  113  9:56  Hellion  
  117  10:01  Viking  
  117  10:05  Viking  
  121  10:08  Refinery  
  121  10:10  Missile Turret  
  120  10:15  Supply Depot  
  119  10:28  Hellion, Siege Tank x2  
  109  10:39  Command Center  
  108  10:44  Hellion x2  
  108  10:46  Viking  
  103  10:57  SCV x3, Missile Turret  
  96  11:00  Siege Tank  
  101  11:09  SCV x2  
  103  11:14  SCV  
  103  11:21  SCV x2  
  105  11:27  SCV  
  106  11:33  SCV x2  
  106  11:35  Missile Turret  
  106  11:37  Hellion x2  
  106  11:38  Hellion  
  106  11:39  SCV  
  115  11:45  SCV x2  
  117  11:51  SCV  
  118  12:02  Banshee, Medivac x2  
  105  12:36  Hellion x4, Siege Tank x2  
  119  12:37  SCV x3  
  119  12:43  Planetary Fortress  
  122  12:45  Banshee  
  122  12:49  SCV x3  
  128  12:56  Viking  
  128  12:57  Hellion x2, Viking x2  
  135  13:01  SCV  
  136  13:08  Siege Tank  
  136  13:10  Siege Tank  
  95  13:27  Hellion x2  
  95  13:28  Hellion  
  101  13:40  SCV x2, Siege Tank  
  106  13:42  SCV, Siege Tank  
  106  13:43  SCV  
  111  13:49  Refinery  
  111  13:52  SCV  
  111  13:54  Missile Turret  
  114  13:56  Hellion x2  
  114  13:57  Hellion  
  114  13:58  Hellion  
  114  13:59  Terran Vehicle And Ship Armor Level 1, Terran Ship Weapons Level 1, Terran Vehicle Weapons Level 1  
  120  14:10  Command Center  
  120  14:12  Hellion  
  120  14:14  Hellion  
  120  14:16  Missile Turret  
  126  14:17  Hellion x2  
  126  14:18  Missile Turret  
  126  14:19  Hellion  
  130  14:28  SCV x3  
  133  14:33  Siege Tank  
  133  14:34  SCV  
  133  14:35  Siege Tank  
  140  14:46  Missile Turret  
  140  14:51  Hellion x4  
  140  14:52  Hellion x6  
  136  15:05  SCV  
  136  15:06  Widow Mine  
  132  15:07  Widow Mine x2  
  132  15:08  SCV, Widow Mine x2  
  123  15:21  Hellion  
  123  15:22  Banshee  
  123  15:23  Viking x4  
  104  15:35  Hellion  
  104  15:36  Siege Tank  
  104  15:37  Hellion  
  106  15:51  Hellion  
  106  15:52  Hellion, Viking  
  106  15:53  Viking x3  
  118  15:57  Hellion  
  118  15:58  Hellion  
  118  15:59  Siege Tank  
  101  16:05  Viking  
  101  16:10  Factory  
  102  16:12  Factory x2  
  102  16:15  Factory  
  102  16:21  Planetary Fortress  
  102  16:22  Viking  
  102  16:23  Viking x2  
  108  16:26  Missile Turret x3  
  108  16:36  Hellion, Siege Tank x2  
  116  16:43  Hellion x2  
  120  16:48  SCV x3  
  123  16:55  Missile Turret  
Show
View Real Time Build Order
Export as new Build Order

Sniper Terran - Winner!

Build Orders: Reaper Expand, MMM Bio 

Get SALT Encoding   

  12  0:01  SCV  
  13  0:14  Supply Depot  
  13  0:18  SCV  
  14  0:27  Refinery  
  14  0:30  SCV  
  15  0:42  Barracks  
  15  0:47  SCV  
  16  0:59  SCV  
  17  1:13  SCV  
  18  1:30  Orbital Command  
  18  1:32  Reaper  
  19  2:02  Command Center  
  18  2:10  Barracks Tech Lab  
  18  2:20  SCV  
  19  2:23  Refinery  
  19  2:29  Concussive Shells, Marauder  
  21  2:32  SCV  
  21  2:36  Supply Depot  
  22  2:59  SCV  
  22  3:02  Marauder  
  25  3:05  Engineering Bay  
  25  3:09  Barracks  
  25  3:11  SCV, Barracks  
  26  3:19  Orbital Command  
  26  3:23  SCV  
  27  3:37  SCV  
  27  3:39  Terran Infantry Weapons Level 1  
  28  3:52  SCV  
  28  3:54  Marauder  
  30  3:58  Barracks Reactor  
  30  3:59  Barracks Reactor  
  30  4:01  SCV  
  31  4:04  SCV  
  32  4:10  Missile Turret  
  32  4:13  Missile Turret  
  32  4:14  SCV  
  32  4:17  SCV  
  34  4:18  Stimpack  
  34  4:20  Marine  
  35  4:27  SCV  
  36  4:39  SCV  
  37  4:46  Marine x4  
  37  4:47  SCV, Marine  
  37  4:51  SCV  
  44  4:54  Supply Depot  
  44  4:59  SCV  
  45  5:03  Missile Turret, Marine  
  46  5:13  Missile Turret  
  46  5:16  Marine x4  
  46  5:20  SCV x2  
  52  5:22  Factory  
  49  5:46  Marine x5  
  50  5:51  SCV  
  50  5:56  Terran Infantry Armor Level 1  
  48  6:04  SCV  
  48  6:10  Command Center, Marauder  
  49  6:18  Marine x3  
  47  6:19  Marine  
  50  6:27  SCV x2, Starport  
  50  6:30  Factory Reactor  
  52  6:33  Supply Depot  
  52  6:36  Marine  
  52  6:39  Combat Shields, SCV  
  54  6:48  Armory  
  54  6:49  Engineering Bay  
  54  6:55  SCV x2, Barracks  
  54  6:56  Barracks  
  54  6:59  Supply Depot  
  56  7:02  Refinery  
  56  7:03  Marine x4  
  56  7:04  Refinery, Marauder  
  62  7:20  SCV x2, Medivac x2  
  64  7:38  Marine x5  
  64  7:43  Barracks Tech Lab  
  66  7:44  Barracks Tech Lab  
  62  7:55  Marine x2  
  62  7:56  Marine  
  60  8:08  Marine x3  
  60  8:09  Medivac x2, Marine  
  68  8:13  Marine  
  68  8:15  Missile Turret  
  68  8:16  SCV  
  70  8:22  Missile Turret  
  70  8:27  Refinery  
  70  8:28  Marauder  
  70  8:29  Marine x2, Marauder x2  
  70  8:30  Marine  
  70  8:31  Marine  
  70  8:32  SCV x2, Refinery  
  70  8:34  Orbital Command  
  82  8:39  Terran Infantry Weapons Level 2  
  82  8:40  Terran Infantry Armor Level 2  
  82  8:47  Marine x2  
  84  8:51  SCV  
  85  8:56  Supply Depot  
  85  9:17  SCV x3  
  85  9:18  Marauder x2  
  92  9:25  Marine  
  92  9:29  Terran Ship Weapons Level 1  
  93  9:38  Supply Depot  
  93  9:39  Marine x4  
  93  9:40  Supply Depot, Marauder  
  93  9:43  Supply Depot  
  99  9:55  Marine x2  
  101  10:00  SCV, Viking x2, Marauder  
  101  10:01  SCV x2, Starport  
  101  10:02  Marauder  
  112  10:07  Supply Depot  
  112  10:08  Supply Depot x2  
  112  10:11  Supply Depot  
  112  10:13  Marauder  
  102  10:40  Marine x4  
  102  10:41  Marauder x2, Marine  
  107  10:58  Marine  
  107  10:59  Marauder  
  107  11:03  Marauder x2  
  102  11:08  Marine x3  
  102  11:09  Viking x2  
  106  11:13  Starport Reactor  
  106  11:14  Terran Infantry Weapons Level 3  
  106  11:16  Marine  
  106  11:20  Marauder  
  106  11:24  Marauder x2  
  112  11:26  Marine x3  
  115  11:33  Marine  
  115  11:37  Terran Infantry Armor Level 3  
  116  11:42  Marauder  
  116  11:43  Marine  
  116  11:44  Marine x2  
  116  11:45  Marauder  
  116  11:46  Marauder  
  125  11:51  Marine  
  126  12:01  Marine x2  
  126  12:03  Marauder  
  126  12:05  Viking x2  
  126  12:07  Marauder x2  
  117  12:22  Marine x2  
  110  12:24  Marauder  
  110  12:28  Marauder x2  
  110  12:29  Viking x2  
  120  12:35  Viking x2  
  124  12:46  Marauder  
  124  12:48  Marine x4  
  124  12:50  Marauder x2  
  132  12:59  Viking  
  108  13:28  Marine x2, Marauder x3  
  108  13:29  Medivac, Marine x2  
  108  13:30  Medivac x3  
  126  13:36  Command Center  
  126  13:37  Command Center  
  126  13:46  Marine x2  
  128  13:50  Terran Ship Weapons Level 2, Marauder x3  
  134  14:01  Marine x2  
  136  14:03  Medivac x2  
  136  14:04  Medivac x2  
  144  14:11  Marauder  
  146  14:21  Marauder x2  
  150  14:25  Supply Depot  
  150  14:26  Supply Depot  
  150  14:32  Marauder  
  150  14:34  Marine x3  
  150  14:36  Viking  
  157  14:46  Viking x3  
  157  14:47  Marauder  
  149  15:15  Marauder, Marine x2  
  149  15:16  Marine x2, Marauder  
  154  15:22  Planetary Fortress  
  144  15:34  Marauder, Marine x4  
  135  15:37  Marauder  
  129  15:57  Marine, Marauder x2  
  129  15:58  Marauder  
  136  16:05  Marine x3  
  139  16:15  Marine  
  140  16:19  Marine, Marauder x2  
  140  16:22  Marine  
  146  16:31  Marine x2  
  148  16:37  Marauder  
  150  16:40  Marauder x2  
  150  16:42  Marine x2  
  156  16:53  SCV x3  
  159  16:59  Marauder  
  159  17:00  Marine  
  159  17:01  Marauder, Marine x2  
  163  17:02  Marine, Marauder  
  150  17:25  Missile Turret  
Tags
 
Add a new tag
Caveats
  • Supply blocks, unpowered buildings, or Contaminate may cause inaccurate times.
  • Supply counts are checked every 10 seconds.